| TOP OF THE 1ST |
|
Nassau Black Sails batting - Pitching for Bridgetown Tridents : LHP Bill Babcock
|
|
Pitching: LHP Bill Babcock
|
|
|
Batting: RHB Randolph Ebersberger
|
0-0: Ball 1-0: Ground out 6-3 (Groundball, 56, EV 92.5 MPH)
|
|
Batting: RHB Heri Ramirez
|
0-0: Called Strike 0-1: Called Strike 0-2: Ball 1-2: Ball 2-2: Ball 3-2: SINGLE (Groundball, 34D, EV 100.0 MPH)
|
|
Batting: RHB Cecil Fielder
|
0-0: Ball 1-0: Fly out, F7 (Flyball, 7, EV 91.9 MPH)
|
|
Batting: RHB Venoy Garrison
|
0-0: Ball 1-0: Foul Ball, location: 2F 1-1: Hit by Pitch Heri Ramirez to second
|
|
Batting: RHB Danny Sheaffer
|
0-0: Ball 1-0: Fly out, F7 (Flyball, 78M, EV 88.8 MPH)
|
| Top of the 1st over - 0 runs, 1 hit, 0 errors, 2 left on base; Nassau 0 - Bridgetown 0 |
| BOTTOM OF THE 1ST |
|
Bridgetown Tridents batting - Pitching for Nassau Black Sails : RHP Scott Garrelts
|
|
Pitching: RHP Scott Garrelts
|
|
|
Batting: SHB Harold Reynolds
|
0-0: Foul Ball, location: 2F 0-1: Foul Ball, location: 2F 0-2: Ball 1-2: Ball 2-2: Foul Ball, location: 2F 2-2: Ball 3-2: Foul Ball, location: 2F 3-2: Foul Ball, location: 2F 3-2: Ground out 5-3 (Groundball, 56S, EV 83.8 MPH)
|
|
Batting: RHB Cal Ripken
|
0-0: Ball 1-0: Called Strike 1-1: Ball 2-1: SINGLE (Line Drive, 7LS, EV 100.6 MPH)
|
|
Batting: RHB Andres Galarraga
|
Pickoff Throw to First - Out! 1-3 0-0: Foul Ball, location: 2F 0-1: Called Strike 0-2: Strikes out looking
|
| Bottom of the 1st over - 0 runs, 1 hit, 0 errors, 0 left on base; Nassau 0 - Bridgetown 0 |
| TOP OF THE 2ND |
|
Nassau Black Sails batting - Pitching for Bridgetown Tridents : LHP Bill Babcock
|
|
Batting: LHB John Weller
|
0-0: Foul Ball, location: 2F 0-1: Foul Ball, location: 2F 0-2: Strikes out swinging
|
|
Batting: RHB Steve Springer
|
0-0: Ball 1-0: Foul Ball, location: 2F 1-1: Fly out, F8 (Line Drive, 8LD, EV 86.9 MPH)
|
|
Batting: LHB Jay Erdahl
|
0-0: Ball 1-0: Ball 2-0: Ball 3-0: Called Strike 3-1: Called Strike 3-2: Base on Balls
|
|
Batting: RHB Joe Redfield
|
0-0: Ball 1-0: Ball 2-0: SINGLE (Line Drive, 8RS, EV 94.4 MPH) Jay Erdahl to second Runner from 2nd tries for 3rd, SAFE, throw by CF made to third
|
|
Batting: RHB Randolph Ebersberger
|
0-0: Ball 1-0: Ball 2-0: Called Strike 2-1: Ball 3-1: Foul Ball, location: 2F 3-2: Base on Balls Joe Redfield to second
|
|
Batting: RHB Heri Ramirez
|
0-0: Ball Wild Pitch! Jay Erdahl scores Joe Redfield to third Randolph Ebersberger to second 1-0: Called Strike 1-1: SINGLE (Flyball, 3D, EV 88.8 MPH) Joe Redfield scores Randolph Ebersberger to third Runner from 3rd tries for Home, SAFE, throw by RF to home
|
|
Batting: RHB Cecil Fielder
|
0-0: Ball 1-0: Ball 2-0: Called Strike 2-1: Called Strike 2-2: Ball 3-2: Foul Ball, location: 2F 3-2: Strikes out swinging
|
| Top of the 2nd over - 3 runs, 2 hits, 0 errors, 1 left on base; Nassau 3 - Bridgetown 0 |
| BOTTOM OF THE 2ND |
|
Bridgetown Tridents batting - Pitching for Nassau Black Sails : RHP Scott Garrelts
|
|
Batting: RHB Dave Meier
|
0-0: Called Strike 0-1: Ball 1-1: SINGLE (Line Drive, 6D, EV 96.3 MPH)
|
|
Batting: LHB Darryl Strawberry
|
0-0: Ball 1-0: Foul Ball, location: 2F 1-1: Swinging Strike 1-2: Ball 2-2: Ball 3-2: Base on Balls Dave Meier to second
|
|
Batting: RHB Fritzie Connally
|
0-0: Called Strike 0-1: Foul Ball, location: 2F 0-2: Grounds into double play, 5-4-3 (Groundball, 56, EV 88.8 MPH) Dave Meier to third
|
|
Batting: LHB Paul O'Neill
|
0-0: Called Strike 0-1: Ball 1-1: Ball 2-1: Foul Ball, location: 2F 2-2: Ball 3-2: Strikes out swinging
|
| Bottom of the 2nd over - 0 runs, 1 hit, 0 errors, 1 left on base; Nassau 3 - Bridgetown 0 |
| TOP OF THE 3RD |
|
Nassau Black Sails batting - Pitching for Bridgetown Tridents : LHP Bill Babcock
|
|
Batting: RHB Venoy Garrison
|
0-0: Ball 1-0: Called Strike 1-1: Ball 2-1: Ball 3-1: Fly out, F8 (Flyball, 8LXD, EV 92.5 MPH)
|
|
Batting: RHB Danny Sheaffer
|
0-0: Called Strike 0-1: Ball 1-1: Ball 2-1: Swinging Strike 2-2: Foul Ball, location: 2F 2-2: SINGLE (Groundball, 56D, EV 101.9 MPH)
|
|
Batting: LHB John Weller
|
0-0: Swinging Strike 0-1: Called Strike 0-2: Strikes out swinging
|
|
Batting: RHB Steve Springer
|
0-0: Ball 1-0: SINGLE (Flyball, 89S, EV 96.3 MPH) Danny Sheaffer to second Runner from 2nd tries for 3rd, SAFE, throw by RF made to third
|
|
Batting: LHB Jay Erdahl
|
0-0: Foul Ball, location: 2F 0-1: Fielders Choice at 2nd, 5-4 (Groundball, 56, EV 80.6 MPH)
|
| Top of the 3rd over - 0 runs, 2 hits, 0 errors, 2 left on base; Nassau 3 - Bridgetown 0 |
| BOTTOM OF THE 3RD |
|
Bridgetown Tridents batting - Pitching for Nassau Black Sails : RHP Scott Garrelts
|
|
Batting: RHB Jose Canseco
|
0-0: Called Strike 0-1: Swinging Strike 0-2: Ball 1-2: Fly out, F4 (Flyball, 34D, EV 85.0 MPH)
|
|
Batting: LHB Eric Peyton
|
0-0: Swinging Strike 0-1: Ball 1-1: Reached via error on a dropped throw from P, E3 (Groundball, 13, EV 63.8 MPH)
|
|
Batting: SHB Harold Reynolds
|
0-0: Called Strike 0-1: Ball 1-1: Ball Wild Pitch! Eric Peyton to second 2-1: Ball 3-1: Base on Balls
|
|
Batting: RHB Cal Ripken
|
0-0: Ball 1-0: Ball 2-0: Called Strike 2-1: Foul Ball, location: 2F 2-2: Foul Ball, location: 2F 2-2: Ball 3-2: Base on Balls Eric Peyton to third Harold Reynolds to second
|
|
Batting: RHB Andres Galarraga
|
0-0: Ball 1-0: Called Strike 1-1: Foul Ball, location: 2F 1-2: Strikes out looking
|
|
Batting: RHB Dave Meier
|
0-0: Ball 1-0: Ball 2-0: Ball 3-0: Called Strike 3-1: Foul Ball, location: 2F 3-2: Foul Ball, location: 2F 3-2: Base on Balls Eric Peyton scores Harold Reynolds to third Cal Ripken to second
|
|
Batting: LHB Darryl Strawberry
|
0-0: Swinging Strike 0-1: Foul Ball, location: 2F 0-2: Ball 1-2: Strikes out looking
|
| Bottom of the 3rd over - 1 run, 0 hits, 1 error, 3 left on base; Nassau 3 - Bridgetown 1 |
| TOP OF THE 4TH |
|
Nassau Black Sails batting - Pitching for Bridgetown Tridents : LHP Bill Babcock
|
|
Batting: RHB Joe Redfield
|
0-0: Called Strike 0-1: Ball 1-1: Foul Ball, location: 2F 1-2: DOUBLE (Line Drive, 8RXD, EV 114.4 MPH)
|
|
Batting: RHB Randolph Ebersberger
|
0-0: Ball 1-0: SINGLE (Line Drive, 89S, EV 91.3 MPH) Joe Redfield to third Runner from 3rd tries for Home, SAFE, throw by RF to home
|
|
Batting: RHB Heri Ramirez
|
0-0: Called Strike 0-1: Ball 1-1: Called Strike 1-2: Ground out U3 (Groundball, 3S, EV 62.5 MPH) Randolph Ebersberger to second
|
|
Batting: RHB Cecil Fielder
|
0-0: Swinging Strike 0-1: Ball 1-1: Swinging Strike 1-2: Ball 2-2: Strikes out looking
|
|
Batting: RHB Venoy Garrison
|
0-0: Ball 1-0: Ground out 6-3 (Groundball, P, EV 82.5 MPH)
|
| Top of the 4th over - 1 run, 2 hits, 0 errors, 1 left on base; Nassau 4 - Bridgetown 1 |
| BOTTOM OF THE 4TH |
|
Bridgetown Tridents batting - Pitching for Nassau Black Sails : RHP Scott Garrelts
|
|
Batting: RHB Fritzie Connally
|
0-0: Swinging Strike 0-1: Ball 1-1: Called Strike 1-2: Foul Ball, location: 2F 1-2: Ball 2-2: Foul Ball, location: 2F 2-2: Foul Ball, location: 2F 2-2: SOLO HOME RUN (Flyball, 8RXD, EV 108.1 MPH), Distance : 457 ft
|
|
Batting: LHB Paul O'Neill
|
0-0: Swinging Strike 0-1: Ball 1-1: Swinging Strike 1-2: SINGLE (Groundball, 56D, EV 110.6 MPH) (infield hit)
|
|
Batting: RHB Jose Canseco
|
0-0: Swinging Strike 0-1: Ball 1-1: Swinging Strike 1-2: Ball 2-2: Foul Ball, location: 2F 2-2: Ball 3-2: Strikes out looking
|
|
Batting: LHB Eric Peyton
|
0-0: Called Strike 0-1: SINGLE (Line Drive, 78S, EV 93.8 MPH) Paul O'Neill to second
|
|
Batting: SHB Harold Reynolds
|
0-0: Foul Ball, location: 2F 0-1: Ball 1-1: Ball 2-1: Fielders Choice at 2nd, 6-4 (Groundball, 6D, EV 106.9 MPH) Paul O'Neill to third
|
|
Batting: RHB Cal Ripken
|
0-0: Ball 1-0: Swinging Strike 1-1: Ball 2-1: Foul Ball, location: 2F 2-2: Foul Ball, location: 2F 2-2: Strikes out looking
|
| Bottom of the 4th over - 1 run, 3 hits, 0 errors, 2 left on base; Nassau 4 - Bridgetown 2 |
| TOP OF THE 5TH |
|
Nassau Black Sails batting - Pitching for Bridgetown Tridents : LHP Bill Babcock
|
|
Batting: RHB Danny Sheaffer
|
0-0: Foul Ball, location: 2F 0-1: Fly out, F9 (Line Drive, 9D, EV 94.4 MPH)
|
|
Batting: LHB John Weller
|
0-0: Ball 1-0: Swinging Strike 1-1: Ball 2-1: Foul Ball, location: 2F 2-2: Strikes out looking
|
|
Batting: RHB Steve Springer
|
0-0: Ball 1-0: Ball 2-0: Called Strike 2-1: Swinging Strike 2-2: Ball 3-2: Strikes out swinging
|
| Top of the 5th over - 0 runs, 0 hits, 0 errors, 0 left on base; Nassau 4 - Bridgetown 2 |
| BOTTOM OF THE 5TH |
|
Bridgetown Tridents batting - Pitching for Nassau Black Sails : RHP Scott Garrelts
|
|
Batting: RHB Andres Galarraga
|
0-0: Ball 1-0: Ground out 6-3 (Groundball, 6, EV 82.5 MPH)
|
|
Batting: RHB Dave Meier
|
0-0: Ball 1-0: Called Strike 1-1: Called Strike 1-2: Fly out, F9 (Flyball, 9, EV 79.4 MPH)
|
|
Batting: LHB Darryl Strawberry
|
0-0: Fly out, F7 (Flyball, 7, EV 90.0 MPH)
|
| Bottom of the 5th over - 0 runs, 0 hits, 0 errors, 0 left on base; Nassau 4 - Bridgetown 2 |
| TOP OF THE 6TH |
|
Nassau Black Sails batting - Pitching for Bridgetown Tridents : LHP Bill Babcock
|
|
Batting: LHB Jay Erdahl
|
0-0: Swinging Strike 0-1: Foul Ball, location: 2F 0-2: Ball 1-2: Foul Ball, location: 2F 1-2: Ball 2-2: Foul Ball, location: 2F 2-2: Foul Ball, location: 2F 2-2: Ball 3-2: Strikes out swinging
|
|
Pitching: RHP Jim Koontz
|
|
|
Batting: RHB Joe Redfield
|
0-0: Ball 1-0: Called Strike 1-1: Foul Ball, location: 2F 1-2: Ball 2-2: Strikes out swinging
|
|
Batting: RHB Randolph Ebersberger
|
0-0: Ball 1-0: Foul Ball, location: 2F 1-1: Called Strike 1-2: Foul Ball, location: 2F 1-2: SINGLE (Groundball, 4M, EV 96.9 MPH) (infield hit)
|
|
Batting: RHB Heri Ramirez
|
0-0: Called Strike Randolph Ebersberger steals 2nd base 0-1: Ball 1-1: Ball 2-1: Ball 3-1: Base on Balls
|
|
Batting: RHB Cecil Fielder
|
0-0: Ground out 1-3 (Groundball, 34S, EV 66.3 MPH)
|
| Top of the 6th over - 0 runs, 1 hit, 0 errors, 2 left on base; Nassau 4 - Bridgetown 2 |
| BOTTOM OF THE 6TH |
|
Bridgetown Tridents batting - Pitching for Nassau Black Sails : RHP Scott Garrelts
|
|
Batting: RHB Fritzie Connally
|
0-0: Called Strike 0-1: Called Strike 0-2: Strikes out swinging
|
|
Batting: LHB Paul O'Neill
|
0-0: Fly out, F6 (Popup, 6MD, EV 70.6 MPH)
|
|
Batting: RHB Jose Canseco
|
0-0: Ball 1-0: Foul Ball, location: 2F 1-1: Fly out, F8 (Line Drive, 8LD, EV 94.4 MPH)
|
| Bottom of the 6th over - 0 runs, 0 hits, 0 errors, 0 left on base; Nassau 4 - Bridgetown 2 |
| TOP OF THE 7TH |
|
Nassau Black Sails batting - Pitching for Bridgetown Tridents : RHP Jim Koontz
|
|
Batting: RHB Venoy Garrison
|
0-0: Ball 1-0: Called Strike 1-1: Ball 2-1: Called Strike 2-2: Foul Ball, location: 2F 2-2: Ball 3-2: Fly out, F7 (Flyball, 78XD, EV 108.1 MPH)
|
|
Batting: RHB Danny Sheaffer
|
0-0: Foul Ball, location: 2F 0-1: Ground out 6-3 (Groundball, 6, EV 88.1 MPH)
|
|
Batting: LHB John Weller
|
0-0: Reached on error, E6 (Groundball, 56, EV 88.1 MPH)
|
|
Batting: RHB Steve Springer
|
0-0: Ball 1-0: Swinging Strike 1-1: Ball 2-1: Ball 3-1: Foul Ball, location: 2F 3-2: Base on Balls John Weller to second
|
|
Pitching: RHP Steve Senteney
|
|
|
Batting: LHB Jay Erdahl
|
0-0: Foul Ball, location: 2F 0-1: Ball 1-1: Ball 2-1: Foul Ball, location: 2F 2-2: Reached on error, E4 (Groundball, 4, EV 80.0 MPH) John Weller to third Steve Springer to second
|
|
Batting: RHB Joe Redfield
|
0-0: Ball 1-0: Swinging Strike 1-1: Ball 2-1: Swinging Strike 2-2: Ball 3-2: Foul Ball, location: 2F 3-2: Base on Balls John Weller scores Steve Springer to third Jay Erdahl to second
|
|
Batting: RHB Randolph Ebersberger
|
0-0: Foul Ball, location: 2F 0-1: Ball 1-1: Ball 2-1: Called Strike 2-2: SINGLE (Groundball, 6MS, EV 74.4 MPH) (infield hit) Steve Springer scores Jay Erdahl to third Joe Redfield to second
|
|
Batting: RHB Heri Ramirez
|
0-0: Ball 1-0: Swinging Strike 1-1: Ground out 6-3 (Groundball, 4MS, EV 83.1 MPH)
|
| Top of the 7th over - 2 runs, 1 hit, 2 errors, 3 left on base; Nassau 6 - Bridgetown 2 |
| BOTTOM OF THE 7TH |
|
Bridgetown Tridents batting - Pitching for Nassau Black Sails : RHP Scott Garrelts
|
|
Batting: LHB Eric Peyton
|
0-0: Ball 1-0: Foul Ball, location: 2F 1-1: Ground out 4-3 (Groundball, 4S, EV 86.9 MPH)
|
|
Batting: SHB Harold Reynolds
|
0-0: Ball 1-0: Foul Ball, location: 2F 1-1: Swinging Strike 1-2: Fly out, F8 (Line Drive, 8LM, EV 89.4 MPH)
|
|
Batting: RHB Cal Ripken
|
0-0: Ball 1-0: Foul Ball, location: 2F 1-1: Foul Ball, location: 2F 1-2: Ball 2-2: Foul Ball, location: 2F 2-2: Ball 3-2: Base on Balls
|
|
Batting: RHB Andres Galarraga
|
0-0: Called Strike 0-1: SINGLE (Groundball, 56D, EV 94.4 MPH) Cal Ripken to second
|
|
Batting: RHB Dave Meier
|
0-0: Called Strike 0-1: Called Strike 0-2: SINGLE (Groundball, 56D, EV 95.0 MPH) Cal Ripken to third Andres Galarraga to second Runner from 3rd tries for Home, SAFE, throw by LF to home
|
|
Batting: LHB Darryl Strawberry
|
0-0: Ball 1-0: Foul Ball, location: 2F 1-1: Ball 2-1: Swinging Strike 2-2: Ball 3-2: Strikes out swinging
|
| Bottom of the 7th over - 1 run, 2 hits, 0 errors, 2 left on base; Nassau 6 - Bridgetown 3 |
| TOP OF THE 8TH |
|
Nassau Black Sails batting - Pitching for Bridgetown Tridents : RHP Steve Senteney
|
|
Batting: RHB Cecil Fielder
|
0-0: Ball 1-0: Ball 2-0: Ball 3-0: Base on Balls
|
|
Batting: RHB Venoy Garrison
|
0-0: 2-RUN HOME RUN (Flyball, 78XD, EV 98.1 MPH), Distance : 414 ft
|
|
Batting: RHB Danny Sheaffer
|
0-0: Called Strike 0-1: Called Strike 0-2: SINGLE (Line Drive, 34D, EV 99.4 MPH)
|
|
Batting: LHB John Weller
|
0-0: Ball 1-0: Ball 2-0: Ball 3-0: Base on Balls Danny Sheaffer to second
|
|
Pitching: LHP Spiro Psaltis
|
|
|
Batting: RHB Steve Springer
|
0-0: Ball 1-0: Ball 2-0: Ball 3-0: Called Strike 3-1: Ground out 5-3 (Groundball, 56S, EV 71.9 MPH) Danny Sheaffer to third John Weller to second
|
|
Batting: LHB Jay Erdahl
|
0-0: Ball 1-0: Ball 2-0: Swinging Strike 2-1: Called Strike 2-2: Ball 3-2: Strikes out swinging
|
|
Batting: RHB Joe Redfield
|
0-0: Called Strike 0-1: Foul Ball, location: 2F 0-2: Ball 1-2: Strikes out swinging
|
| Top of the 8th over - 2 runs, 2 hits, 0 errors, 2 left on base; Nassau 8 - Bridgetown 3 |
| BOTTOM OF THE 8TH |
|
Bridgetown Tridents batting - Pitching for Nassau Black Sails : RHP Scott Garrelts
|
|
Pitching: RHP Kenneth Rabun
|
|
|
Batting: RHB Fritzie Connally
|
0-0: Ball 1-0: Foul Ball, location: 2F 1-1: Swinging Strike 1-2: Strikes out swinging
|
|
Batting: LHB Paul O'Neill
|
0-0: Ball 1-0: Ball 2-0: Called Strike 2-1: Ball 3-1: Base on Balls
|
|
Batting: RHB Jose Canseco
|
0-0: Ball 1-0: Ball 2-0: Ball 3-0: Called Strike 3-1: Base on Balls Paul O'Neill to second
|
|
Batting: LHB Eric Peyton
|
0-0: Ball 1-0: Ball 2-0: Ball 3-0: Called Strike 3-1: Swinging Strike 3-2: SINGLE (Groundball, 6M, EV 105.0 MPH) (infield hit) Paul O'Neill to third Jose Canseco to second
|
|
Batting: SHB Harold Reynolds
|
0-0: Ball 1-0: Ball Wild Pitch! Paul O'Neill scores Jose Canseco to third Eric Peyton to second 2-0: Called Strike 2-1: Ball 3-1: Base on Balls
|
|
Batting: RHB Cal Ripken
|
0-0: Called Strike 0-1: Ball 1-1: Foul Ball, location: 2F 1-2: Foul Ball, location: 2F 1-2: Ball 2-2: Ball 3-2: Base on Balls Jose Canseco scores Eric Peyton to third Harold Reynolds to second
|
|
Pitching: RHP Ed Wojna
|
|
|
Batting: RHB Andres Galarraga
|
0-0: Ball 1-0: Called Strike 1-1: Ball 2-1: SINGLE (Groundball, 34D, EV 100.0 MPH) Eric Peyton scores Harold Reynolds to third Cal Ripken to second Runner from 3rd tries for Home, SAFE, throw by RF to home
|
|
Batting: RHB Dave Meier
|
0-0: Ball 1-0: Ball 2-0: Ball 3-0: Called Strike 3-1: Swinging Strike 3-2: Strikes out looking
|
|
Batting: LHB Darryl Strawberry
|
0-0: Ball 1-0: Ball 2-0: Ball 3-0: Called Strike 3-1: Base on Balls Cal Ripken to third Andres Galarraga to second
|
|
Batting: RHB Fritzie Connally
|
0-0: Ball 1-0: Ball 2-0: Swinging Strike 2-1: Called Strike 2-2: Strikes out swinging
|
| Bottom of the 8th over - 4 runs, 2 hits, 0 errors, 3 left on base; Nassau 8 - Bridgetown 7 |
| TOP OF THE 9TH |
|
Nassau Black Sails batting - Pitching for Bridgetown Tridents : LHP Spiro Psaltis
|
|
Batting: RHB Randolph Ebersberger
|
0-0: Called Strike 0-1: Ball 1-1: Foul Ball, location: 2F 1-2: Ball 2-2: Ball 3-2: Foul Ball, location: 2F 3-2: Base on Balls
|
|
Batting: RHB Heri Ramirez
|
0-0: Ball 1-0: Fly out, F8 (Flyball, 8RD, EV 90.6 MPH)
|
|
Batting: RHB Cecil Fielder
|
0-0: Called Strike 0-1: Ball 1-1: Ball 2-1: Ball 3-1: SINGLE (Line Drive, 89M, EV 88.1 MPH) Randolph Ebersberger to second Runner from 2nd tries for 3rd, SAFE, no throw by RF
|
|
Pitching: RHP Charles Beasley
|
|
|
Batting: RHB Venoy Garrison
|
Pickoff Throw to First - Out! 1-3 0-0: Called Strike 0-1: Called Strike 0-2: Ground out 6-3 (Groundball, 6S, EV 88.1 MPH)
|
| Top of the 9th over - 0 runs, 1 hit, 0 errors, 1 left on base; Nassau 8 - Bridgetown 7 |
| BOTTOM OF THE 9TH |
|
Bridgetown Tridents batting - Pitching for Nassau Black Sails : RHP Ed Wojna
|
|
Pitching: RHP Kevin Kobel
|
|
|
Batting: LHB Paul O'Neill
|
0-0: Ball 1-0: Swinging Strike 1-1: Swinging Strike 1-2: Ball 2-2: SINGLE (Groundball, 6S, EV 60.6 MPH) (infield hit)
|
|
Batting: RHB Jose Canseco
|
0-0: Ball 1-0: Called Strike 1-1: Ball 2-1: Ball 3-1: Base on Balls Paul O'Neill to second
|
|
Batting: LHB Eric Peyton
|
0-0: Foul Ball, location: 2F 0-1: Ball 1-1: DOUBLE (Line Drive, 78D, EV 103.8 MPH) Paul O'Neill scores Jose Canseco to third Runner from 3rd tries for Home, SAFE, no throw by LF
|
| Bottom of the 9th over - 2 runs, 2 hits, 0 errors, 0 left on base; Nassau 8 - Bridgetown 9 |
|